cohdb
Replays
Latest Replays
All Replays
Popular Replays
Top Player Replays
Match Explorer
How It Works
Community
CoH3 Stats
Reddit
Sign in to upload your games and track your stats! →
Sign in with Steam
Rangers Hard Countered
Match 16080645
Overview
Messages
Build Orders
End
Construct Barracks
Selects Advanced Infantry Battlegroup
Riflemen Squad
Riflemen Squad
Riflemen Squad
Grenade Package
Infantry Support Center
Selects Convert to Ranger Squad
Convert to Ranger Squad
Construct Motor Pool
Selects Frontline Medical Station
M1 Anti-tank Gun Team
M1 Anti-tank Gun Team
Engineer Squad
Advanced Logistics
Selects Ranger Weapon Training
Selects Artillery Observers
Construct Medical Station
Riflemen Squad
NEP_wilson_NEP
NorthWeapon
WilllTHENOOBz
Erase Palestine
AdultAsthmaIsAChoice
ChaBoi
0
0
Comments
sign in to comment!
No comments posted yet!